 Dungeon Crawl Stone Soup version 0.14-a0-1029-g9530a8b (webtiles) character file.

218 PolkaDot the Ruinous (level 4, 0/30 HPs)
             Began as a Vampire Conjurer on Nov 23, 2013.
             Slain by wojtek's ghost (1 damage)
             ... on Level 3 of the Dungeon.
             The game lasted 00:08:25 (2055 turns).

PolkaDot the Ruinous (Vampire Conjurer)             Turns: 2055, Time: 00:08:25

HP   0/30        AC  2     Str  7      XL: 4   Next: 72%
MP   3/8         EV 12     Int 18      God:
Gold 100         SH  0     Dex 14      Spells:  2 memorised,  2 levels left

Res.Fire  : . . .   See Invis. : +   d - +0,+1 dwarf dagger
Res.Cold  : . . .   Warding    : .   a - +0 robe
Life Prot.: . . .   Conserve   : .   (no shield)
Res.Poison: .       Res.Corr.  : .   (no helmet)
Res.Elec. : .       Clarity    : .   (no cloak)
Sust.Abil.: . .     Spirit.Shd : .   (no gloves)
Res.Mut.  : .       Rnd.Telep. : +   (no boots)
Res.Rott. : .       Flight     : .   (no amulet)
Saprovore : . . .                    (no ring)
                                     f - cursed ring of teleportation

@: regenerating quickly, slightly resistant to hostile enchantments, stealthy
A: fangs 3, see invisible, unbreathing
a: Evoke Teleportation


You were on level 3 of the Dungeon.
You were full.

You visited 1 branch of the dungeon, and saw 3 of its levels.

You collected 100 gold pieces.

Inventory:

Hand weapons
 d - a +0,+1 dwarven dagger (weapon)
Armour
 a - a +0 robe (worn)
Scrolls
 h - 2 scrolls of noise {unknown}
 j - 3 scrolls of teleportation {unknown}
 k - a scroll of amnesia {unknown}
 l - 2 scrolls of remove curse {unknown}
Jewellery
 f - a cursed ring of teleportation (left hand)
Potions
 g - a potion of flight {unknown}
 i - a potion of restore abilities
 m - a potion of invisibility {unknown}
Books
 c - a book of Conjurations

   Spells                             Type                      Level
   *Magic Dart                        Conjuration                  1
   *Searing Ray                       Conjuration                  2
   Dazzling Spray                     Conjuration/Hexes            3
   Iskenderun's Mystic Blast          Conjuration                  4
   Iskenderun's Battlesphere          Conjuration/Charms           4
   Fulminant Prism                    Conjuration/Hexes            5


   Skills:
 - Level 2.1 Dodging
 - Level 3.0 Stealth
 - Level 1.0 Spellcasting
 * Level 4.1 Conjurations
 + Level 2.4 Evocations


You had 2 spell levels left.
You knew the following spells:

 Your Spells              Type           Power        Failure   Level  Hunger
s - Searing Ray           Conj           ###...       8%          2    ###....
z - Magic Dart            Conj           ###.         4%          1    ##.....


Dungeon Overview and Level Annotations

Branches:
Dungeon (3/16)

Altars:
Nemelex Xobeh

Annotations:
D:3 wojtek's ghost, average DrTm


Innate Abilities, Weirdness & Mutations

Your natural rate of healing is unusually fast.
You have razor-sharp teeth.*
You have supernaturally acute eyesight.
You can survive without breathing.*


Message History

The orc hits you but does no damage.
You hit the kobold but do no damage. Wojtek's ghost hits you.
The orc hits you with an orcish mace. The kobold hits you but does no damage.
The orc hits you but does no damage.
You closely miss the kobold.
You feel less woody.
Your +0 robe unmelds from your body.
Wojtek's ghost hits you!
* * * LOW HITPOINT WARNING * * *
The orc misses you. The orc closely misses you. The kobold misses you.
The orc hits you with an orcish hand axe.
* * * LOW HITPOINT WARNING * * *
Read which item? (? for menu, Esc to quit)
Okay, then.
Drink which item? (? for menu, Esc to quit)
You feel refreshed.
It was a potion of restore abilities.
Wojtek's ghost barely misses you. The orc misses you.
The orc barely misses you. The kobold hits you but does no damage.
The orc closely misses you. Wojtek's ghost hits you.
You die...

..# . ..#
#..#####..#
........ .....
#..# #..# #p.#
#@o#
.......ooK....<..
.......o...?..?
....#######..##
... ..# . .#


You could see wojtek's ghost, 4 orcs and a kobold.

Vanquished Creatures
  6 adders
  A giant mite (D:1)
  An inept feature mimic (D:2)
  A worm (D:2)
  An ooze (D:2)
  A ball python (D:1)
  5 hobgoblins
  3 jackals (D:1)
  5 kobolds
  2 quokkas (D:2)
  6 bats
  A giant cockroach (D:1)
  2 giant newts (D:2)
  3 goblins (D:1)
  9 rats
47 creatures vanquished.

Notes
Turn   | Place    | Note
--------------------------------------------------------------
     0 | D:1      | PolkaDot, the Vampire Conjurer, began the quest for the Orb.
     0 | D:1      | Reached XP level 1. HP: 13/13 MP: 4/4
   369 | D:1      | Reached XP level 2. HP: 11/19 MP: 5/5
   484 | D:1      | Reached skill level 1 in Evocations
   751 | D:1      | Learned a level 2 spell: Searing Ray
   793 | D:1      | Reached XP level 3. HP: 11/24 MP: 1/6
  1352 | D:2      | Found a sparkling altar of Nemelex Xobeh.
  1374 | D:2      | Reached XP level 4. HP: 17/30 MP: 4/8
  1719 | D:2      | Reached skill level 4 in Conjurations
  2021 | D:3      | Noticed wojtek's ghost (average DrTm)
  2053 | D:3      | HP: 1/30 [orc/orcish hand axe (6)]
  2055 | D:3      | Slain by wojtek's ghost

Action                   |  1- 3 |  4- 6 || total
-------------------------+-------+-------++-------
Melee: Dagger            |    84 |    40 ||   124
 Cast: Magic Dart        |    36 |       ||    36
       Searing Ray       |     4 |     4 ||     8
 Abil: End Transformatio |       |     1 ||     1
       Bat Form          |       |     1 ||     1
  Use: Potion            |       |     3 ||     3
 Stab: Sleeping          |     3 |     2 ||     5
